3AAA
SUNSET DISTRICT FOG @ RAPPAHANNOCK PARTISANS
08/11/2019
 
TOP OF THE 1ST
Sunset District Fog batting - Pitching for Rappahannock Partisans : RHP Herman Barnes
Pitching: RHP Herman Barnes
Batting: LHB Lance Schiffer 0-0: Called Strike
0-1: Ball
1-1: Swinging Strike
1-2: Ball
2-2: Foul Ball, location: 2F
2-2: Fly out, F6 (Popup, 5D)
Batting: SHB Al Anderson 0-0: Ball
1-0: Ground out 4-3 (Groundball, 4)
Batting: SHB John Allen 0-0: Ball
1-0: SINGLE (Groundball, 34)
Batting: RHB Gabriel Maldonado 0-0: Ball
John Allen steals 2nd base
1-0: Foul Ball, location: 2F
1-1: Called Strike
1-2: Strikes out swinging
Top of the 1st over - 0 run(s), 1 hit(s), 0 error(s), 1 left on base; Sunset District 0 - Rappahannock 0
BOTTOM OF THE 1ST
Rappahannock Partisans batting - Pitching for Sunset District Fog : RHP Júlio Martínez
Pitching: RHP Júlio Martínez
Batting: RHB Kyle Dempsey 0-0: Ball
1-0: Swinging Strike
1-1: Ball
2-1: Swinging Strike
2-2: SINGLE (Groundball, 56D)
Batting: RHB Pablo Lugo 0-0: Ball
1-0: Swinging Strike
1-1: Swinging Strike
1-2: Fly out, F9 (Flyball, 9M)
Batting: RHB Tom Baker 0-0: Called Strike
0-1: Grounds into double play, U6-3 (Groundball, 6M)
Bottom of the 1st over - 0 run(s), 1 hit(s), 0 error(s), 0 left on base; Sunset District 0 - Rappahannock 0
TOP OF THE 2ND
Sunset District Fog batting - Pitching for Rappahannock Partisans : RHP Herman Barnes
Batting: SHB Brian Ray 0-0: Called Strike
0-1: Fly out, F7 (Flyball, 7D)
Batting: LHB Randy Daugherty 0-0: Ball
1-0: Foul Ball, location: 2F
1-1: Ball
2-1: SINGLE (Groundball, 4MD)
Batting: RHB Steve McLeod Single, Error in OF, E7, batter to second base
Randy Daugherty to third
Batting: RHB Jim Lee 0-0: Called Strike
0-1: Foul Ball, location: 2F
0-2: Foul Ball, location: 2F
0-2: Ball
1-2: Ball
2-2: Fly out, F7 (Flyball, 7D)
Runner from 3rd tags up, SCORES, no throw
Steve McLeod to third
Batting: RHB Shane Franklin 0-0: Fly out, F8 (Flyball, 8LD)
Top of the 2nd over - 1 run(s), 2 hit(s), 1 error(s), 1 left on base; Sunset District 1 - Rappahannock 0
BOTTOM OF THE 2ND
Rappahannock Partisans batting - Pitching for Sunset District Fog : RHP Júlio Martínez
Batting: LHB Robert Bond 0-0: Ball
1-0: Ball
2-0: Ball
3-0: Base on Balls
Batting: RHB San-gui Liang 0-0: Ball
1-0: Called Strike
1-1: Ball
2-1: Ball
3-1: Foul Ball, location: 2F
3-2: Base on Balls
Robert Bond to second
Batting: RHB Mal Phillips 0-0: Reached on error, E4 (Groundball, 4M)
Robert Bond scores
San-gui Liang to third
Batting: RHB Ricardo Pérez 0-0: Called Strike
0-1: Called Strike
0-2: Strikes out looking
Batting: LHB Alfonso López 0-0: Ball
1-0: Ball
2-0: Ground out U3 (Groundball, 3S)
Batting: RHB Tim Wilson 0-0: Foul Ball, location: 2F
0-1: Ball
1-1: Ball
2-1: Ground out 1-3 (Groundball, 23)
Bottom of the 2nd over - 1 run(s), 0 hit(s), 1 error(s), 2 left on base; Sunset District 1 - Rappahannock 1
TOP OF THE 3RD
Sunset District Fog batting - Pitching for Rappahannock Partisans : RHP Herman Barnes
Batting: LHB Lance Schiffer 0-0: Swinging Strike
0-1: Foul Ball, location: 2F
0-2: Ball
1-2: Ground out 1-3 (Groundball, 13)
Batting: SHB Al Anderson 0-0: Ball
1-0: Swinging Strike
1-1: Ground out 4-3 (Groundball, 34)
Batting: SHB John Allen 0-0: Called Strike
0-1: Ball
1-1: Foul Ball, location: 2F
1-2: Strikes out swinging
Top of the 3rd over - 0 run(s), 0 hit(s), 0 error(s), 0 left on base; Sunset District 1 - Rappahannock 1
BOTTOM OF THE 3RD
Rappahannock Partisans batting - Pitching for Sunset District Fog : RHP Júlio Martínez
Batting: RHB Kyle Dempsey 0-0: Foul Ball, location: 2F
0-1: Called Strike
0-2: Ball
1-2: Strikes out swinging
Batting: RHB Pablo Lugo 0-0: Called Strike
0-1: Called Strike
0-2: Ball
1-2: Ball
2-2: Foul Ball, location: 2F
2-2: Foul Ball, location: 2F
2-2: Ball
3-2: Foul Ball, location: 2F
3-2: Foul Ball, location: 2F
3-2: Ground out 4-3 (Groundball, 34)
Batting: RHB Tom Baker 0-0: Called Strike
0-1: Foul Ball, location: 2F
0-2: Foul Ball, location: 2F
0-2: Ground out 6-3 (Groundball, 6)
Bottom of the 3rd over - 0 run(s), 0 hit(s), 0 error(s), 0 left on base; Sunset District 1 - Rappahannock 1
TOP OF THE 4TH
Sunset District Fog batting - Pitching for Rappahannock Partisans : RHP Herman Barnes
Batting: RHB Gabriel Maldonado 0-0: Ball
1-0: Foul Ball, location: 2F
1-1: DOUBLE (Line Drive, 8LM)
Batting: SHB Brian Ray 0-0: Ball
1-0: Called Strike
1-1: Ball
2-1: Foul Ball, location: 2F
2-2: SINGLE (Line Drive, 56D)
Gabriel Maldonado to third
Batting: LHB Randy Daugherty 0-0: Ball
1-0: Fly out, F8 (Flyball, 8LXD)
Runner from 3rd tags up, SCORES, no throw
Batting: RHB Steve McLeod 0-0: Ball
1-0: Called Strike
1-1: Ball
2-1: Called Strike
2-2: Foul Ball, location: 2F
2-2: Foul Ball, location: 2F
2-2: Fly out, F9 (Flyball, 9LM)
Batting: RHB Jim Lee 0-0: Ball
1-0: Called Strike
1-1: Foul Ball, location: 2F
1-2: Foul Ball, location: 2F
1-2: Strikes out looking
Top of the 4th over - 1 run(s), 2 hit(s), 0 error(s), 1 left on base; Sunset District 2 - Rappahannock 1
BOTTOM OF THE 4TH
Rappahannock Partisans batting - Pitching for Sunset District Fog : RHP Júlio Martínez
Batting: LHB Robert Bond 0-0: Foul Ball, location: 2F
0-1: Ball
1-1: Called Strike
1-2: Ball
2-2: Ball
3-2: Strikes out swinging
Batting: RHB San-gui Liang 0-0: SINGLE (Groundball, 4M)
Batting: RHB Mal Phillips 0-0: Called Strike
0-1: Ball
1-1: Ball
2-1: Fly out, F8 (Flyball, 8LM)
Batting: RHB Ricardo Pérez 0-0: Swinging Strike
0-1: Called Strike
0-2: Ground out 6-3 (Groundball, 6)
Bottom of the 4th over - 0 run(s), 1 hit(s), 0 error(s), 1 left on base; Sunset District 2 - Rappahannock 1
TOP OF THE 5TH
Sunset District Fog batting - Pitching for Rappahannock Partisans : RHP Herman Barnes
Batting: RHB Shane Franklin 0-0: Ball
1-0: Foul Ball, location: 2F
1-1: Foul Ball, location: 2F
1-2: Foul Ball, location: 2F
1-2: Strikes out swinging
Batting: LHB Lance Schiffer 0-0: Ball
1-0: Foul Ball, location: 2F
1-1: Called Strike
1-2: Foul Ball, location: 2F
1-2: Ground out 6-3 (Groundball, 6)
Batting: SHB Al Anderson 0-0: Foul Ball, location: 2F
0-1: Ball
1-1: Foul Ball, location: 2F
1-2: Fly out, F7 (Flyball, 7M)
Top of the 5th over - 0 run(s), 0 hit(s), 0 error(s), 0 left on base; Sunset District 2 - Rappahannock 1
BOTTOM OF THE 5TH
Rappahannock Partisans batting - Pitching for Sunset District Fog : RHP Júlio Martínez
Batting: LHB Alfonso López 0-0: Called Strike
0-1: Ball
1-1: Foul Ball, location: 2F
1-2: Fly out, F5 (Popup, 5SF)
Batting: RHB Tim Wilson 0-0: Ball
1-0: Ball
2-0: Ball
3-0: Called Strike
3-1: Base on Balls
Batting: RHB Kyle Dempsey 0-0: Ball
1-0: Ball
2-0: SINGLE (Line Drive, 8LS)
Tim Wilson to second
Batting: RHB Pablo Lugo 0-0: Called Strike
0-1: Ball
1-1: Foul Ball, location: 2F
1-2: Ball
2-2: Ball
3-2: SINGLE (Flyball, 8LS)
Tim Wilson to third
Kyle Dempsey to second
Runner from 3rd tries for Home, SAFE, no throw or cutoff
Batting: RHB Tom Baker 0-0: Called Strike
0-1: Called Strike
0-2: Fielders Choice at 2nd, 2-4 (Groundball, 2L)
Kyle Dempsey to third
Pitching: RHP Mauro Marín
Batting: LHB Robert Bond 0-0: Ball
1-0: Fly out, F8 (Line Drive, 8LM)
Bottom of the 5th over - 1 run(s), 2 hit(s), 0 error(s), 2 left on base; Sunset District 2 - Rappahannock 2
TOP OF THE 6TH
Sunset District Fog batting - Pitching for Rappahannock Partisans : RHP Herman Barnes
Batting: SHB John Allen 0-0: Called Strike
0-1: Swinging Strike
0-2: Ball
1-2: Strikes out swinging
Batting: RHB Gabriel Maldonado 0-0: Ball
1-0: SINGLE (Groundball, 56D)
Batting: SHB Brian Ray 0-0: Called Strike
0-1: Foul Ball, location: 2F
0-2: Strikes out looking
Batting: LHB Randy Daugherty 0-0: Ball
1-0: Called Strike
1-1: Foul Ball, location: 2F
1-2: Foul Ball, location: 2F
1-2: Strikes out swinging
Top of the 6th over - 0 run(s), 1 hit(s), 0 error(s), 1 left on base; Sunset District 2 - Rappahannock 2
BOTTOM OF THE 6TH
Rappahannock Partisans batting - Pitching for Sunset District Fog : RHP Mauro Marín
Batting: RHB San-gui Liang 0-0: Called Strike
0-1: Ball
1-1: Ball
2-1: Ground out 6-3 (Groundball, 56)
Batting: RHB Mal Phillips 0-0: Ball
1-0: Called Strike
1-1: Called Strike
1-2: Foul Ball, location: 2F
1-2: Foul Ball, location: 2F
1-2: Strikes out looking
Batting: RHB Ricardo Pérez 0-0: Swinging Strike
0-1: Ball
1-1: Ball
2-1: Ball
3-1: Base on Balls
Batting: LHB Alfonso López 0-0: Ball
1-0: Ball
2-0: Foul Ball, location: 2F
2-1: Swinging Strike
2-2: SINGLE (Groundball, 56D)
Ricardo Pérez to second
Batting: RHB Tim Wilson 0-0: Ball
1-0: Foul Ball, location: 2F
1-1: Foul Ball, location: 2F
1-2: Ball
2-2: Ball
3-2: Foul Ball, location: 2F
3-2: Base on Balls
Ricardo Pérez to third
Alfonso López to second
Batting: RHB Kyle Dempsey 0-0: Called Strike
0-1: Ball
1-1: Fielders Choice at 2nd, U6 (Groundball, 6M)
Bottom of the 6th over - 0 run(s), 1 hit(s), 0 error(s), 3 left on base; Sunset District 2 - Rappahannock 2
TOP OF THE 7TH
Sunset District Fog batting - Pitching for Rappahannock Partisans : RHP Herman Barnes
Pinch Hitting: LHB Maxwell Ings 0-0: Ball
1-0: Called Strike
1-1: Ground out 1-3 (Groundball, 13S)
Batting: RHB Jim Lee 0-0: Ball
1-0: Ball
2-0: Called Strike
2-1: DOUBLE (Line Drive, 7LS)
Pinch Hitting: LHB David Hunt 0-0: Intentional Walk
Batting: LHB Lance Schiffer 0-0: Ball
1-0: Ball
2-0: Called Strike
2-1: SINGLE (Groundball, 56D) - runner OUT being hit by batted ball.
David Hunt to second
Pinch Runner at 2nd Michael Martin:
Batting: SHB Al Anderson 0-0: Ball
1-0: Swinging Strike
1-1: Fly out, F9 (Line Drive, 89XD)
Top of the 7th over - 0 run(s), 2 hit(s), 0 error(s), 2 left on base; Sunset District 2 - Rappahannock 2
BOTTOM OF THE 7TH
Rappahannock Partisans batting - Pitching for Sunset District Fog : RHP Mauro Marín
Now at 3B: Michael Martin
Now in LF: Maxwell Ings
Pinch Hitting: LHB Miguel Mendoza 0-0: Ball
1-0: Called Strike
1-1: Called Strike
1-2: Foul Ball, location: 2F
1-2: Strikes out looking
Batting: RHB Tom Baker 0-0: Ball
1-0: Ball
2-0: Swinging Strike
2-1: Swinging Strike
2-2: Foul Ball, location: 2F
2-2: Foul Ball, location: 2F
2-2: Strikes out swinging
Pitching: LHP Xavier Hernández
Batting: LHB Robert Bond 0-0: Foul Ball, location: 2F
0-1: SINGLE (Line Drive, 7S)
Pitching: RHP Steve Bryan
Batting: RHB San-gui Liang 0-0: Called Strike
0-1: Fly out, F9 (Flyball, 9LD)
Bottom of the 7th over - 0 run(s), 1 hit(s), 0 error(s), 1 left on base; Sunset District 2 - Rappahannock 2
TOP OF THE 8TH
Sunset District Fog batting - Pitching for Rappahannock Partisans : RHP Herman Barnes
Now at SS: Marvin von Seydlitz
Batting: SHB John Allen 0-0: Ball
1-0: Called Strike
1-1: SINGLE (Groundball, 4MS) (infield hit)
Batting: RHB Gabriel Maldonado 0-0: Ball
1-0: Called Strike
1-1: Foul Ball, location: 2F
1-2: Ball
2-2: Fly out, F7 (Line Drive, 7D)
Pitching: RHP Chance Wiley
Batting: SHB Brian Ray 0-0: SINGLE (Line Drive, 9S)
John Allen to second
Runner from 2nd tries for 3rd, SAFE, no throw or cutoff
Pitching: LHP Monte Conner
Batting: LHB Randy Daugherty 0-0: Called Strike
0-1: Ball
1-1: SINGLE (Line Drive, 8RS)
John Allen scores
Brian Ray to second
Pitching: LHP Wyatt Watson
Batting: LHB Maxwell Ings 0-0: Ball
1-0: Called Strike
1-1: Ball
2-1: SINGLE (Groundball, 5D)
Brian Ray to third
Randy Daugherty to second
Batting: RHB Jim Lee 0-0: Ball
Wild Pitch!
Brian Ray scores
Randy Daugherty to third
Maxwell Ings to second
1-0: Intentional Walk
Pinch Hitting: RHB Luis Silva 0-0: Ball
1-0: Fly out, F4 (Popup, 34)
Batting: LHB Lance Schiffer 0-0: Called Strike
0-1: Swinging Strike
0-2: Ball
1-2: Ground out 3-1 (Groundball, 34S)
Top of the 8th over - 2 run(s), 4 hit(s), 0 error(s), 3 left on base; Sunset District 4 - Rappahannock 2
BOTTOM OF THE 8TH
Rappahannock Partisans batting - Pitching for Sunset District Fog : RHP Steve Bryan
Now at 3B: Jim Unknown
Batting: RHB Mal Phillips 0-0: Ball
1-0: Foul Ball, location: 2F
1-1: Foul Ball, location: 2F
1-2: Foul Ball, location: 2F
1-2: Fly out, F8 (Line Drive, 8RS)
Batting: RHB Ricardo Pérez 0-0: Ball
1-0: SINGLE (Line Drive, 4M)
Pitching: LHP Manuel Gonzáles
Batting: LHB Alfonso López 0-0: SINGLE (Line Drive, 4MD)
Ricardo Pérez to second
Pitching: RHP Cisco Romero
Pinch Hitting: RHB Seth Varela 0-0: Called Strike
0-1: Swinging Strike
0-2: Ball
1-2: Ball
2-2: 3-RUN HOME RUN (Flyball, 7LD), Distance : 357 ft
Batting: RHB Kyle Dempsey 0-0: Swinging Strike
0-1: Ground out 6-3 (Groundball, 6M)
Batting: LHB Marvin von Seydlitz 0-0: Foul Ball, location: 2F
0-1: Foul Ball, location: 2F
0-2: Ball
1-2: Strikes out swinging
Bottom of the 8th over - 3 run(s), 3 hit(s), 0 error(s), 0 left on base; Sunset District 4 - Rappahannock 5
TOP OF THE 9TH
Sunset District Fog batting - Pitching for Rappahannock Partisans : LHP Wyatt Watson
Pitching: LHP Doug Robinson
Now in LF: Mark Dayment
Batting: SHB Al Anderson 0-0: Ball
1-0: Foul Ball, location: 2F
1-1: Ball
2-1: Foul Ball, location: 2F
2-2: Strikes out looking
Batting: SHB John Allen 0-0: Ball
1-0: Ball
2-0: Ball
3-0: Called Strike
3-1: Base on Balls
Batting: RHB Gabriel Maldonado 0-0: Ball
1-0: Swinging Strike
1-1: Ball
2-1: Foul Ball, location: 2F
2-2: Ball
3-2: Foul Ball, location: 2F
3-2: Grounds into double play, U6-3 (Groundball, 6)
Top of the 9th over - 0 run(s), 0 hit(s), 0 error(s), 0 left on base; Sunset District 4 - Rappahannock 5
This league is powered by Out of the Park Baseball, the baseball management simulation game for PC, Mac and Linux
Saturday, July 25th, 2015 - OOTP Baseball 15.6 Build 34